 Dungeon Crawl Stone Soup version 0.31-a0-931-g7b59d4eb97 (webtiles) character file.

Game seed: 6236039925144981886

83043 tilp the Covert (level 15, -2/120 HPs)
             Began as a Vampire Enchanter on Oct 19, 2023.
             Was the Champion of Wu Jian.
             Slain by an orc warrior
             ... wielding a +0 war axe
              (14 damage)
             ... on level 14 of the Dungeon.
             The game lasted 00:53:49 (26600 turns).

tilp the Covert (Vampire Enchanter)                Turns: 26600, Time: 00:53:49

Health: -2/120     AC:  9    Str: 10    XL:     15   Next: 31%
Magic:  12/27      EV: 19    Int: 23    God:    Wu Jian [******]
Gold:   1370       SH:  7    Dex: 23    Spells: 6/30 levels left

rFire   . . .        a - +8 dagger (elec)
rCold   . . .        d - +1 buckler
rNeg    . . .        e - +2 robe {Will+}
rPois   .            A - +0 helmet
rElec   .            T - +0 cloak
rCorr   .            C - +2 pair of gloves {Str+3}
SInv    +            (no boots)
Will    ++...        B - amulet of regeneration
Stlth   ++++++       q - +6 ring of dexterity
HPRegen 1.40/turn    N - +4 ring of protection
MPRegen 0.20/turn

%: no passive effects
@: corroded, on blink cooldown, healing quickly, studying 2 skills
A: alive, fangs 3, see invisible, vampiric 2
a: Exsanguinate, Renounce Religion, Wall Jump, Serpent's Lash, Heavenly Storm


You were on level 14 of the Dungeon.
You worshipped Wu Jian.
Wu Jian was exalted by your worship.
You visited 4 branches of the dungeon, and saw 22 of its levels.
You also visited: Sewer, Bailey and Gauntlet.

You collected 3320 gold pieces.
You spent 1950 gold pieces at shops.

Inventory:

Hand Weapons
 a - a +8 dagger of electrocution (weapon)
 b - a +2 quick blade of chaos
Missiles
 c - 11 javelins
 h - 2 curare-tipped darts
 n - 39 poisoned darts (quivered)
 F - 38 boomerangs
 G - 2 silver javelins
 J - 2 throwing nets
Armour
 d - a +1 buckler (worn)
 e - a +2 robe of willpower (worn)
 A - a +0 helmet (worn)
 C - a +2 pair of gloves of strength (worn)
 T - a +0 cloak (worn)
 V - a +2 ring mail of willpower
 Z - the +3 kite shield of the Garden {Regen+ Str+6 Int-4}
   (You found it on level 12 of the Dungeon)

   Str+6:     It affects your strength (+6).
   Int-4:     It affects your intelligence (-4).
   Regen+:    It increases your rate of health regeneration.
Jewellery
 q - a +6 ring of dexterity (left hand)
 B - an amulet of regeneration (around neck)
 N - a +4 ring of protection (right hand)
 P - a ring of flight
 S - a ring of ice
Wands
 t - a wand of flame (14)
 y - a wand of roots (19)
 I - a wand of digging (3)
 M - a wand of polymorph (19)
 O - a wand of charming (11)
 U - a wand of mindburst (9)
Scrolls
 u - a scroll of butterflies
 v - 8 scrolls of poison
 w - a scroll of vulnerability
 x - 8 scrolls of teleportation
 K - a scroll of amnesia
 L - 4 scrolls of revelation
 Q - 3 scrolls of fog
 R - 2 scrolls of fear
 W - a scroll of silence
Potions
 f - 3 potions of might
 g - 3 potions of ambrosia
 i - 2 potions of magic
 j - 6 potions of mutation
 k - 6 potions of haste
 l - 3 potions of heal wounds
 m - 13 potions of curing
 p - a potion of brilliance
 r - 3 potions of attraction
 z - a potion of cancellation
 D - 6 potions of enlightenment
 E - 3 potions of resistance
 H - a potion of lignification
 X - a potion of berserk rage
Miscellaneous
 o - a phantom mirror
 s - a lightning rod (4/4)
 Y - a box of beasts


   Skills:
 * Level 11.8 Fighting
 - Level 10.0 Short Blades
 + Level 4.2 Armour
 + Level 9.9 Dodging
 + Level 14.2 Stealth
 - Level 2.0 Shields
 + Level 8.4 Spellcasting
 - Level 4.0 Conjurations
 + Level 13.9 Hexes
 + Level 5.8 Translocations
 + Level 6.4 Ice Magic
 * Level 7.7 Evocations


You had 6 spell levels left.
You knew the following spells:

 Your Spells              Type           Power      Damage    Failure   Level
a - Ensorcelled Hibernat  Hex/Ice        100%       N/A       1%          2
b - Confusing Touch       Hex            65%        N/A       1%          3
c - Tukima's Dance        Hex            65%        N/A       1%          3
d - Dazzling Flash        Conj/Hex       100%       N/A       1%          3
e - Blink                 Tloc           72%        N/A       1%          2
f - Frozen Ramparts       Ice            78%        1d12      1%          3
g - Ozocubu's Armour      Ice            39%        N/A       1%          3
h - Metabolic Englaciati  Hex/Ice        27%        N/A       4%          5

Your spell library contained the following spells:

 Spells                   Type           Power      Damage    Failure   Level
 Apportation              Tloc           72%        N/A       1%          1
 Lesser Beckoning         Tloc           72%        N/A       1%          2
 Momentum Strike          Conj/Tloc      64%        3d9       1%          2
 Summon Guardian Golem    Hex/Summ       41%        N/A       1%          3
 Cause Fear               Hex            32%        N/A       1%          4
 Dimensional Bullseye     Hex/Tloc       26%        N/A       1%          4
 Gell's Gravitas          Tloc           36%        N/A       2%          3
 Teleport Other           Tloc           36%        N/A       2%          3
 Hailstorm                Conj/Ice       33%        3d8       3%          3
 Anguish                  Hex/Necr       20%        N/A       5%          4
 Necrotise                Necr           36%        1d5       10%         1
 Summon Small Mammal      Summ           36%        N/A       10%         1
 Stone Arrow              Conj/Erth      36%        3d9       13%         3
 Iskenderun's Mystic Bla  Conj/Tloc      32%        2d8       13%         4
 Cigotuvi's Dreadful Rot  Necr/Pois/Air  18%        N/A       14%         2
 Passwall                 Tmut/Erth      7%         N/A       14%         2
 Wereblood                Tmut           9%         N/A       14%         2
 Summon Mana Viper        Hex/Summ       41%        N/A       16%         5
 Summon Ice Beast         Ice/Summ       24%        N/A       26%         4
 Call Canine Familiar     Summ           9%         N/A       28%         3
 Swiftness                Air            9%         N/A       28%         3
 Vampiric Draining        Necr           9%         2d6       28%         3
 Brom's Barrelling Bould  Conj/Erth      18%        2d4       38%         4
 Iskenderun's Battlesphe  Conj           28%        2d8       45%         5
 Animate Armour           Summ/Erth      18%        N/A       67%         4
 Dispel Undead            Necr           9%         3d8       67%         4
 Petrify                  Tmut/Erth      9%         N/A       67%         4
 Fireball                 Conj/Fire      9%         3d6       75%         5
 Irradiate                Conj/Tmut      9%         3d14      75%         5
 Dispersal                Tloc           18%        N/A       80%         6
 Agony                    Necr           9%         N/A       95%         5
 Simulacrum               Ice/Necr       12%        N/A       98%         6
 Conjure Ball Lightning   Conj/Air       9%         3x3d6     100%        6
 Death Channel            Necr           4%         N/A       100%        6
 Enfeeble                 Hex            32%        N/A       26%         7
 Ozocubu's Refrigeration  Ice            19%        4d11      99%         7
 Malign Gateway           Summ/Tloc      11%        N/A       100%        7
 Monstrous Menagerie      Summ           4%         N/A       100%        7
 Orb of Destruction       Conj           14%        9d7       100%        7
 Lehudib's Crystal Spear  Conj/Erth      9%         10d4      100%        8
 Summon Horrible Things   Summ           4%         N/A       100%        8


Dungeon Overview and Level Annotations

Branches:
Dungeon (14/15)            Temple (1/1) D:5            Lair (5/5) D:9
 Shoals (0/4) Lair:3       Spider (0/4) Lair:2        Slime (0/5) Lair:5
    Orc (2/2) D:11            Elf (0/3) Orc:2        Vaults (0/5) D:13
  Sewer (visited)          Bailey (visited)         Gauntlet (visited)

Altars:
Ashenzari
Cheibriados
Dithmenos
Fedhas
Gozag
Hepliaklqana
Kikubaaqudgha
Makhleb
Nemelex Xobeh
Okawaru
Qazlal
Ru
Sif Muna
Trog
Uskayaw
Vehumet
Wu Jian
Xom
Yredelemnul

Shops:
D:1 !   D:2 *   D:3 *   D:10 ?   Orc:2 [**([


Innate Abilities, Weirdness & Mutations

Your natural rate of healing is accelerated.
You have razor-sharp teeth.
You have supernaturally acute eyesight. (SInv)
You are afflicted with vampirism and can become a bat while bloodless.


Message History

Things that are here:
a +0 battleaxe; a +0 chain mail; a warg corpse Unknown command.
You hit the rust devil but do no damage.
Your bite misses the rust devil.
The orc knight hits you with a +0 battleaxe!!
The orc warrior barely misses you.
The orc high priest hits you with a +0 glaive!
* * * LOW HITPOINT WARNING * * *
Unknown command.
Casting: Confusing Touch (safe; 1% risk of failure)
Confirm with . or Enter, or press ? or * to list all spells.
Aiming: Ensorcelled Hibernation (safe; 1% risk of failure)
Press: ? - help, Shift-Dir - straight line, f - orc high priest
Aim: an orc high priest, wielding a +0 glaive (strong, chance to affect: 37%)
The orc high priest easily resists.
The rust devil hits you.
* * * LOW HITPOINT WARNING * * *
The rust devil corrodes you!
The orc knight hits you with a +0 battleaxe!!
* * * LOW HITPOINT WARNING * * *
The orc warrior hits you from afar with a +1 halberd of venom!
* * * LOW HITPOINT WARNING * * *
You are poisoned.
The orc high priest misses you.
Unknown command.
Okay, then.
Casting: Ensorcelled Hibernation (safe; 1% risk of failure)
Confirm with . or Enter, or press ? or * to list all spells.
Okay, then.
You feel better. The rust devil misses you.
The orc knight hits you with a +0 battleaxe!
* * * LOW HITPOINT WARNING * * *
You block the orc warrior's attack.
The orc high priest mumbles some strange prayers to Beogh.
Unknown command.
Casting: Ensorcelled Hibernation (safe; 1% risk of failure)
Confirm with . or Enter, or press ? or * to list all spells.
You blink.
The orc barely misses you.
The orc warrior hits you with a +0 war axe!
You die...

######### #.....!.......#
........# #.#8#..8..#8#.#
........# ###.###.....###.#
........# ###.#....#####....#
........###...#...o.........#
........##..########'''#######
........#..###8.............8#
........'.## #...............#
........### ##.@oo...########
##'###### #.oo....# #...#
###4##### ###.###


#ooo# #...# ###o##### ######'#### #o4)..# #.........# #########'## #.........#
###..........# #.........###.'..........# You could see an orc knight (strong),
an orc high priest (strong), an ice devil (summoned), a rust devil (summoned), 2
orc warriors, an orc priest and 4 orcs.

Vanquished Creatures
  The ghost of Viosuam the Earth Mage, a journeyman GrEE of Gozag (D:14)
  A minotaur (Gauntlet)
  Snorg (D:11)
  A fire dragon (D:13)
  Fannar (Lair:3)
  A catoblepas (Lair:3)
  5 vault guards (D:13)
  4 centaur warriors
  6 hydras
  5 two-headed ogres
  5 boulder beetles
  A deep elf knight (D:13)
  3 skysharks
  An arcanist (D:13)
  A lindwurm (Lair:2)
  2 deep elf pyromancers
  A deep elf archer (D:13)
  10 orc knights
  An ugly thing (D:12)
  3 manticores
  Maurice (D:11)
  6 cyclopes
  4 black mambas
  A merfolk siren (Lair:3)
  5 elephants
  A torpor snail (Lair:2)
  4 gargoyles
  23 cane toads
  A smoke demon (Gauntlet)
  Maggie (D:7)
  2 rime drakes
  2 unseen horrors
  A kobold demonologist (D:14)
  A yaktaur (D:13)
  14 komodo dragons
  11 trolls
  A queen bee (Gauntlet)
  3 polar bears
  A hornet (D:9)
  A meliai (Lair:2)
  2 tyrant leeches (Lair:5)
  11 blink frogs
  Prince Ribbit (Lair:3)
  5 flying skulls (Gauntlet)
  4 shadows
  4 wyverns
  4 wraiths
  42 yaks
  15 vampire mosquitoes
  7 basilisks
  12 wargs
  2 acid dragons
  17 water moccasins
  35 orc warriors
  3 black bears
  2 ice beasts
  A sky beast (D:8)
  15 centaurs
  3 ogres
  22 wolves
  2 phantoms
  4 kobold brigands
  2 gnoll sergeants
  15 bullfrogs
  A wight (D:9)
  18 killer bees
  8 jellies
  7 howler monkeys
  4 electric eels (Lair:5)
  3 crimson imps (Gauntlet)
  6 orc priests
  A gnoll bouda (D:5)
  8 iguanas
  5 sleepcaps
  Jessica (D:3)
  23 orc wizards
  19 gnolls
  12 adders
  8 river rats
  2 white imps (D:6)
  2 ufetubi (D:5)
  3 dart slugs
  3 worms (D:4)
  88 orcs
  3 ball pythons
  17 bats
  6 endoplasms
  3 giant cockroaches (D:1)
  3 goblins (Bailey)
  4 hobgoblins
  5 jackals
  25 kobolds
  5 quokkas
  4 frilled lizards
  6 rats
671 creatures vanquished.

Vanquished Creatures (collateral kills)
  A rakshasa (D:12)
  A deep elf archer (D:13)
  An orc sorcerer (D:13)
3 creatures vanquished.

Vanquished Creatures (others)
  2 dancing weapons (D:13)
  An orc wizard (D:4)
3 creatures vanquished.

Grand Total: 677 creatures vanquished

Notes
Turn   | Place    | Note
-------+----------+-------------------------------------------
     0 | D:1      | tilp the Vampire Enchanter began the quest for the Orb.
     0 | D:1      | Reached XP level 1. HP: 13/13 MP: 3/3
   135 | D:1      | Reached XP level 2. HP: 20/20 MP: 5/5
   231 | D:1      | Learned a level 2 spell: Ensorcelled Hibernation
   347 | D:1      | Found Ibogof's Distillery.
   647 | D:1      | Bought a potion of curing for 30 gold pieces
   791 | D:2      | You fall into a shaft and drop 1 floor!
   855 | D:2      | Found a faded altar of an unknown god.
   857 | D:2      | Reached skill level 1 in Fighting
   857 | D:2      | Gained mutation: You are afflicted with vampirism and can
                  | become a bat while bloodless. [Vampire growth]
   857 | D:2      | Reached XP level 3. HP: 26/26 MP: 6/6
  1026 | D:2      | Found Xoh Dou's General Store.
  1052 | D:2      | Bought a scroll of teleportation for 36 gold pieces
  1675 | D:3      | Noticed Jessica
  1681 | D:3      | Killed Jessica
  1682 | D:3      | Reached XP level 4. HP: 27/32 MP: 2/7
  1835 | D:3      | Found a sparkling altar of Nemelex Xobeh.
  1836 | D:3      | Found an opulent altar of Gozag.
  1856 | D:3      | Found Fakhloq's Assorted Antiques.
  1884 | D:3      | Bought a metallic amethyst potion for 25 gold pieces
  1884 | D:3      | Bought a metallic amethyst potion for 25 gold pieces
  2006 | D:3      | Found a burning altar of Makhleb.
  2281 | D:4      | Found a glowing drain.
  2307 | D:4      | Learned a level 3 spell: Confusing Touch
  2345 | D:4      | Noticed a black bear
  2354 | D:4      | Killed a black bear
  2355 | D:4      | Reached skill level 5 in Stealth
  2355 | D:4      | Reached skill level 5 in Hexes
  2355 | D:4      | Reached XP level 5. HP: 38/38 MP: 3/8
  2554 | Sewer    | Entered a sewer
  2563 | Sewer    | Reached XP level 6. HP: 46/46 MP: 7/10
  2610 | Sewer    | Learned a level 3 spell: Tukima's Dance
  3503 | D:4      | Learned a level 3 spell: Dazzling Flash
  3587 | D:4      | Reached XP level 7. HP: 52/52 MP: 4/11
  3638 | D:4      | Reached skill level 6 in Stealth
  4401 | D:1      | Bought a potion of heal wounds for 50 gold pieces
  4401 | D:1      | Bought a potion of magic for 80 gold pieces
  4520 | D:5      | Entered Level 5 of the Dungeon
  4526 | D:5      | Found a blossoming altar of Fedhas.
  4526 | D:5      | Found an iron altar of Okawaru.
  4534 | D:5      | Found a faded altar of an unknown god.
  4537 | D:5      | Found a snail-covered altar of Cheibriados.
  4758 | D:5      | Reached skill level 5 in Short Blades
  4862 | D:5      | Found a staircase to the Ecumenical Temple.
  4955 | Temple   | Entered the Ecumenical Temple
  5202 | Temple   | Reached XP level 8. HP: 60/60 MP: 6/13
  5480 | D:5      | Found an ornate altar of the Wu Jian Council.
  5483 | D:5      | Became a worshipper of the Wu Jian Council
  5911 | D:5      | Reached skill level 7 in Stealth
  7129 | D:6      | Learned a level 2 spell: Blink
  7195 | D:7      | Reached skill level 5 in Fighting
  7195 | D:7      | Reached skill level 1 in Evocations
  7206 | D:7      | Reached * piety under Wu Jian
  7459 | D:7      | Noticed Maggie
  7665 | D:7      | Found a hazy altar of Hepliaklqana.
  7818 | D:7      | Reached XP level 9. HP: 57/68 MP: 1/15
  7995 | D:7      | Reached skill level 1 in Translocations
  8289 | D:7      | Killed Maggie
  8290 | D:7      | Reached skill level 8 in Stealth
  8538 | D:3      | Bought a pair of gloves for 126 gold pieces
  8608 | D:1      | Bought a potion of lignification for 30 gold pieces
  8641 | D:2      | Bought a scroll of identify for 24 gold pieces
  8641 | D:2      | Bought a scroll of identify for 24 gold pieces
  9013 | D:8      | Found a basalt altar of Yredelemnul.
  9086 | D:8      | Noticed a two-headed ogre
  9235 | D:8      | Killed a two-headed ogre
  9409 | D:8      | Reached skill level 9 in Stealth
  9409 | D:8      | Reached skill level 5 in Spellcasting
  9421 | D:8      | Noticed a gargoyle
  9429 | D:8      | Killed a gargoyle
  9731 | D:8      | Found a radiant altar of Vehumet.
  9834 | D:9      | Reached XP level 10. HP: 76/76 MP: 17/17
  9970 | D:9      | Reached skill level 10 in Stealth
 10134 | D:9      | Reached skill level 10 in Short Blades
 10546 | D:9      | Reached ** piety under Wu Jian
 10553 | D:9      | Reached skill level 1 in Shields
 10553 | D:9      | Reached skill level 1 in Ice Magic
 10674 | D:9      | Found a staircase to the Lair.
 10753 | D:9      | Reached skill level 1 in Conjurations
 11040 | D:10     | Entered Level 10 of the Dungeon
 11057 | D:10     | Noticed a two-headed ogre
 11060 | D:10     | Killed a two-headed ogre
 11067 | D:10     | Found Liumat's Magic Scroll Boutique.
 11099 | D:10     | Found a flagged portal.
 11126 | Bailey   | Entered a bailey
 11328 | Bailey   | Reached XP level 11. HP: 83/83 MP: 9/19
 11721 | D:2      | Bought a scroll of acquirement for 624 gold pieces
 11754 | D:1      | Bought a potion of curing for 30 gold pieces
 11754 | D:1      | Bought a potion of resistance for 100 gold pieces
 11754 | D:1      | Bought a potion of curing for 30 gold pieces
 11754 | D:1      | Bought a potion of attraction for 30 gold pieces
 11997 | D:10     | Bought a scroll of identify for 28 gold pieces
 11997 | D:10     | Bought a scroll of identify for 28 gold pieces
 11997 | D:10     | Bought 2 scrolls of teleportation for 84 gold pieces
 11997 | D:10     | Bought a scroll of teleportation for 42 gold pieces
 11997 | D:10     | Bought a scroll of fog for 56 gold pieces
 12125 | D:10     | Found a hide-covered altar of Uskayaw.
 12128 | D:10     | Reached *** piety under Wu Jian
 12251 | D:10     | Found a shimmering blue altar of Sif Muna.
 12688 | D:10     | Reached skill level 5 in Dodging
 12739 | D:10     | Learned a level 3 spell: Frozen Ramparts
 12743 | D:10     | Learned a level 3 spell: Ozocubu's Armour
 12901 | D:11     | Noticed Maurice
 12907 | D:11     | Killed Maurice
 13014 | D:11     | Found a staircase to the Orcish Mines.
 13015 | D:11     | Noticed a four-headed hydra
 13033 | D:11     | Killed a four-headed hydra
 13034 | D:11     | Reached skill level 11 in Stealth
 13034 | D:11     | Reached skill level 10 in Hexes
 13167 | D:11     | Noticed a two-headed ogre
 13330 | D:11     | Reached **** piety under Wu Jian
 13332 | D:11     | Killed a two-headed ogre
 13625 | D:11     | Noticed a two-headed ogre
 13628 | D:11     | Killed a two-headed ogre
 13634 | D:11     | Noticed Snorg
 13640 | D:11     | Killed Snorg
 13764 | Lair:1   | Entered Level 1 of the Lair of Beasts
 13850 | Lair:1   | Reached XP level 12. HP: 92/92 MP: 18/21
 14745 | Lair:1   | You fall into a shaft and drop 1 floor!
 14745 | Lair:2   | Noticed a five-headed hydra
 14745 | Lair:2   | Noticed a boulder beetle
 14747 | Lair:2   | Killed a boulder beetle
 14748 | Lair:2   | Reached skill level 12 in Stealth
 15232 | Lair:2   | Killed a five-headed hydra
 15381 | Lair:2   | Found a hole to the Spider Nest.
 15388 | Lair:2   | Reached ***** piety under Wu Jian
 15527 | Lair:2   | Noticed a boulder beetle
 15594 | Lair:2   | Reached skill level 10 in Fighting
 16082 | Lair:2   | Reached XP level 13. HP: 103/103 MP: 18/23
 16411 | Lair:2   | Learned a level 5 spell: Metabolic Englaciation
 16431 | Lair:3   | Found a staircase to the Shoals.
 16475 | Lair:3   | Noticed Fannar
 16482 | Lair:3   | Killed Fannar
 16699 | Lair:3   | Reached skill level 1 in Armour
 16929 | Lair:3   | Noticed Prince Ribbit
 16944 | Lair:3   | Killed Prince Ribbit
 17133 | Lair:3   | Upgraded the game from 0.31-a0-925-g0a390f2509 to
                  | 0.31-a0-931-g7b59d4eb97
 17717 | Lair:4   | Reached skill level 5 in Evocations
 18631 | Lair:5   | Entered Level 5 of the Lair of Beasts
 18831 | Lair:5   | Reached skill level 5 in Ice Magic
 18849 | Lair:5   | Found a gate leading to a gauntlet.
 18871 | Gauntlet | Entered a Gauntlet
 18871 | Gauntlet | Found a transporter.
 18871 | Gauntlet | Found a transporter.
 18871 | Gauntlet | Found a transporter.
 18886 | Gauntlet | Found a transporter.
 18889 | Gauntlet | Found a transporter.
 18905 | Gauntlet | Found a transporter.
 18909 | Gauntlet | Found a large runed translucent door.
 18910 | Gauntlet | Found a large runed translucent door.
 18911 | Gauntlet | Found a large runed translucent door.
 18911 | Gauntlet | Found a large runed translucent door.
 18911 | Gauntlet | Found a runed translucent door.
 18926 | Gauntlet | Found a transporter.
 18929 | Gauntlet | Found a transporter.
 18989 | Gauntlet | Found a transporter.
 18991 | Gauntlet | Found a large runed translucent door.
 18992 | Gauntlet | Found a large runed translucent door.
 18993 | Gauntlet | Found a large runed translucent door.
 18993 | Gauntlet | Found a large runed translucent door.
 18993 | Gauntlet | Found a runed translucent door.
 18994 | Gauntlet | Found a large runed translucent door.
 18995 | Gauntlet | Found a large runed translucent door.
 18996 | Gauntlet | Found a large runed translucent door.
 18996 | Gauntlet | Found a large runed translucent door.
 18997 | Gauntlet | Found a runed translucent gate.
 18997 | Gauntlet | Found a runed translucent gate.
 18997 | Gauntlet | Found a runed translucent gate.
 18999 | Gauntlet | Found a transporter.
 19008 | Gauntlet | Found a large runed translucent door.
 19008 | Gauntlet | Found a large runed translucent door.
 19009 | Gauntlet | Found a large runed translucent door.
 19010 | Gauntlet | Found a large runed translucent door.
 19014 | Gauntlet | Found a transporter.
 19024 | Gauntlet | Found a transporter.
 19763 | Gauntlet | Noticed a minotaur
 19774 | Gauntlet | Killed a minotaur
 19883 | Lair:5   | Acquired a +2 quick blade of venom
 20049 | Lair:5   | Reached skill level 13 in Stealth
 20085 | Lair:5   | Reached ****** piety under Wu Jian
 20086 | Lair:5   | Reached XP level 14. HP: 95/111 MP: 19/25
 20751 | Lair:5   | Reached skill level 5 in Translocations
 20858 | Lair:5   | Found a staircase to the Slime Pits.
 21489 | D:10     | Bought a scroll of brand weapon for 133 gold pieces
 21489 | D:10     | Bought 3 scrolls of revelation for 315 gold pieces
 21522 | Orc:1    | Entered Level 1 of the Orcish Mines
 22001 | Orc:2    | Entered Level 2 of the Orcish Mines
 22001 | Orc:2    | Found a staircase to the Elven Halls.
 22090 | Orc:2    | Found Puapadin's Overcharged Wands.
 22817 | Orc:2    | Found Vumil's General Store.
 22831 | Orc:2    | Found Kewismar's Armour Boutique.
 22991 | Orc:2    | Found Tergh's Antique Weapon Boutique.
 23116 | Orc:2    | Found Soesmium's Antique Armour Emporium.
 23487 | D:12     | Identified the +3 kite shield of the Garden {Regen+ Str+6
                  | Int-4}
 24973 | D:13     | Identified the +3 broad axe "Emaept" {antimagic, rCorr
                  | Str+5}
 25129 | D:13     | Reached skill level 14 in Stealth
 25129 | D:13     | Reached XP level 15. HP: 119/119 MP: 21/27
 25728 | D:13     | Found a gate to the Vaults.
 26350 | D:14     | Found a runed translucent gate.
 26350 | D:14     | Found a runed translucent gate.
 26350 | D:14     | Found a runed translucent gate.
 26352 | D:14     | Noticed Viosuam's ghost (journeyman GrEE)
 26356 | D:14     | Identified the +1 plate armour of a Labyrinth {rF++ Int-4}
 26583 | D:14     | Killed Viosuam's ghost
 26600 | D:14     | Slain by an orc warrior

Illustrated notes

Levels and vault maps discovered:
D:1:      dpeg_arrival_simpleton_c, layout_basic, serial_shops, shop,
          nicolae_titane
D:2:      layout_loops_ring, chequers_ecumenical_altar_simple_redux,
          serial_shops, shop_fountains, minmay_crystal_water, st_stairs_12
D:3:      layout_loops_cross, grunt_temple_overflow_opulence,
          lightli_temple_of_fire, serial_shops, shop, kennysheep_jessica_study
D:4:      layout_basic, lightli_sewer_entry_pipes,
          minmay_a_box_with_orc_wizards_in_it
D:5:      layout_loops_corners, chequers_temple_overflow_minitemple,
          kennysheep_mini_moat, minmay_temple_entry_junction, st_stairs_2
D:6:      layout_layer_cave
D:7:      layout_loops_ring, worldfamousw_hep_ancestral_shrine,
          corexii_corridor_pit, uniq_maggie
D:8:      layout_basic, yredelemnul_altar_generic,
          mainiacjoe_overflow_boulevard, minivault_27
D:9:      layout_rooms, erik_lair_orcish_takeover, roderic_batcave,
          hangedman_minor_gate_pass
D:10:     layout_loops_ring, mainiacjoe_overflow_catch_the_wave, serial_shops,
          shop, enter_bailey_7
D:11:     layout_long_grid, david_orc_5, uniq_snorg, uniq_maurice
D:12:     layout_roguey
D:13:     layout_gridville, grunt_vaults_entry_fortified, small_statue_alley_a,
          minmay_pinched_square
D:14:     layout_roguey, minmay_parallelograms, biasface_ghost_orc_armoury
Temple:   hellmonk_temple_rainy
Lair:1:   layout_cave_pods, cheibrodos_lair_lostbears, grunt_megastairs_3
Lair:2:   layout_small_grid, hellmonk_spider_entry_not_the_bees,
          infiniplex_staircase_pool, grunt_megastairs_2
Lair:3:   layout_chaotic_city, minmay_shoals_entry_lonely_mermaid,
          grunt_megastairs_4, uniq_prince_ribbit2, uniq_fannar
Lair:4:   layout_regular_city
Lair:5:   minmay_lair_end_frog_pond, layout_regular_city,
          nicolae_slime_entry_field_trip, serial_bayou, serial_bayou_shore_b,
          serial_bayou_ford_a, serial_bayou_shore_b, serial_bayou_shore_a,
          gauntlet_entry_generic, lemuel_fruit_fields, serial_bayou_shore_b
Orc:1:    layout_caves, mines1_david
Orc:2:    st_orc_town, layout_caves, nicolae_shop_overcharged_wands

Skill      XL: |  1  2  3  4  5  6  7  8  9 10 11 12 13 14 15 |
---------------+----------------------------------------------+-----
Short Blades   | 2 3 4 5 6 8 10 | 10.0
Fighting       | 1 2 3 4 5 6 7 10 11 | 11.8
Stealth        | 5 6 7 9 10 11 12 13 14 | 14.2
Hexes          | 5 6 7 8 9 11 12 13 | 13.9
Dodging        | 3 4 5 8 9 |  9.9
Spellcasting   | 3 4 5 6 7 8 |  8.4
Evocations     | 1 2 3 4 5 7 |  7.7
Translocations | 2 3 4 5 |  5.8
Shields        | 1 2 |  2.0
Ice Magic      | 1 3 4 5 6 |  6.4
Conjurations   | 1 2 3 4 |  4.0
Armour         | 2 3 4 |  4.2

Action                     |  1- 3 |  4- 6 |  7- 9 | 10-12 | 13-15 || total
---------------------------+-------+-------+-------+-------+-------++-------
  Melee: Dagger            |    88 |   205 |   292 |   438 |   696 ||  1719
         Bite              |     9 |    21 |    32 |    46 |    82 ||   190
   Cast: Ensorcelled Hiber |     3 |    38 |    71 |   148 |   258 ||   518
         Confusing Touch   |       |       |    12 |    17 |    35 ||    64
         Dazzling Flash    |       |       |     2 |     5 |    15 ||    22
         Tukima's Dance    |       |       |     5 |       |    23 ||    28
         Metabolic Englaci |       |       |       |       |     2 ||     2
         Ozocubu's Armour  |       |       |       |       |     2 ||     2
         Blink             |       |       |       |       |     1 ||     1
         Frozen Ramparts   |       |       |       |       |     1 ||     1
Ability: Lunge             |       |       |    18 |    59 |    79 ||   156
         Whirlwind         |       |       |     1 |     4 |    16 ||    21
  Evoke: Wand              |       |       |       |     1 |       ||     1
         Lightning rod     |       |       |       |       |     4 ||     4
         Box of beasts     |       |       |       |       |     1 ||     1
         Phantom mirror    |       |       |       |       |     1 ||     1
    Use: Scroll            |     7 |     6 |    15 |     3 |     7 ||    38
         Potion            |       |     4 |     2 |       |     4 ||    10
   Stab: Sleeping          |    15 |    23 |    48 |   110 |   188 ||   384
         Invisible         |       |     2 |     1 |     3 |    10 ||    16
         Confused          |       |       |    11 |    14 |    31 ||    56
         Distracted        |       |       |       |     1 |     3 ||     4
 Armour: Robe              |    44 |    70 |   145 |   161 |   236 ||   656
  Dodge: Dodged            |    33 |    68 |   136 |   189 |   447 ||   873
  Block: Buckler           |    12 |    27 |    61 |   100 |   179 ||   379

Table legend: (Time is in decaauts)
 A = Elapsed time spent in this place.
 B = Non-inter-level travel time spent in this place.
 C = Inter-level travel time spent in this place.
 D = Time resting spent in this place.
 E = Time spent auto-exploring this place.
 F = Levels seen in this place.
 G = Mean time per level.
                   A        B        C        D        E       F      G
               +--------+--------+--------+--------+--------+-----+--------+
         Total |  26429 |  24409 |   2020 |   3153 |  15991 |  25 | 1057.2 |
       Dungeon |  15345 |  13591 |   1754 |   1969 |   9018 |  14 | 1096.1 |
        Temple |    301 |    301 |      0 |    233 |     43 |   1 |  301.0 |
          Lair |   6622 |   6408 |    214 |    281 |   4837 |   5 | 1324.4 |
  Orcish Mines |   1806 |   1754 |     52 |    264 |   1073 |   2 |  903.0 |
         Sewer |   1050 |   1050 |      0 |     93 |    651 |   1 | 1050.0 |
        Bailey |    335 |    335 |      0 |      0 |    111 |   1 |  335.0 |
      Gauntlet |    967 |    967 |      0 |    313 |    257 |   1 |  967.0 |
               +--------+--------+--------+--------+--------+-----+--------+

Top non-repeatable levels by time:
  Lair:5: 1689 daAuts
     D:4: 1598 daAuts
    D:13: 1445 daAuts
  Lair:2: 1400 daAuts
     D:5: 1350 daAuts
   Orc:2: 1345 daAuts
     D:7: 1332 daAuts
  Lair:1: 1236 daAuts
     D:6: 1192 daAuts
  Lair:3: 1181 daAuts
    D:10: 1117 daAuts
  Lair:4: 1115 daAuts
     D:9: 1110 daAuts
   Sewer: 1050 daAuts
     D:8: 1039 daAuts
